 Dungeon Crawl Stone Soup version 0.28-a0-1545-g945cd3f27e (webtiles) character file.

Game seed: 2956964143139139053

68 BritishOli the Chopper (level 4, -7/32 HPs)
             Began as a Demonspawn Wanderer on Jan 18, 2022.
             Mangled by a hobgoblin (9 damage)
             ... on level 2 of the Dungeon.
             The game lasted 00:01:05 (1684 turns).

BritishOli the Chopper (Demonspawn Wanderer)        Turns: 1684, Time: 00:01:06

Health: -7/32      AC:  6    Str: 13    XL:     4   Next: 1%
Magic:  5/5        EV:  8    Int: 15    God:
Gold:   79         SH:  0    Dex: 12    Spells: 4/5 levels left

rFire   . . .      SeeInvis .   a - +2 hand axe
rCold   . . .      Faith    .   (no shield)
rNeg    . . .      Spirit   .   b - +0 scale mail
rPois   .          Reflect  .   (no helmet)
rElec   .          Harm     .   (no cloak)
rCorr   .          Rampage  .   (no gloves)
Will    .....                   (no boots)
Stlth   ..........              (no amulet)
HPRegen 0.10/turn               (no ring)
MPRegen 0.09/turn               (no ring)

@: no status effects
A: ignite blood 2
a: no special abilities


You were on level 2 of the Dungeon.
You visited 1 branch of the dungeon, and saw 2 of its levels.

You collected 79 gold pieces.

Inventory:

Hand Weapons
 a - a +2 hand axe (weapon)
Armour
 b - a +0 scale mail (worn)
Jewellery
 g - a +6 ring of strength
 k - a ring of magical power
Scrolls
 c - a scroll of teleportation {unknown}
 e - 2 scrolls of identify {unknown}
 i - a scroll of brand weapon {unknown}
 j - 2 scrolls of fear {unknown}
 l - a scroll of magic mapping {unknown}
 m - a scroll of noise {unknown}
Potions
 d - 2 potions of lignification {unknown}
 f - a potion of heal wounds {unknown}
 h - a potion of magic {unknown}


   Skills:
 + Level 1.3 Fighting
 * Level 4.2 Axes
 + Level 1.7 Throwing
 + Level 2.3 Armour
 - Level 1.0 Spellcasting
 - Level 2.0 Conjurations


You had 4 spell levels left.
You knew the following spells:

 Your Spells              Type           Power      Damage    Failure   Level
a - Magic Dart            Conj           24%        1d4       45%         1

Your spell library contained the following spells:

 Spells                   Type           Power      Damage    Failure   Level
 Mephitic Cloud           Conj/Pois/Air  2%         N/A       95%         3
 Blade Hands              Tmut           0%         N/A       100%        5
 Irradiate                Conj/Tmut      1%         3d13      100%        5
 Dragon Form              Tmut           0%         N/A       100%        7


Dungeon Overview and Level Annotations

Branches:
Dungeon (2/15)

Altars:
Fedhas


Innate Abilities, Weirdness & Mutations

Your demonic aura often causes spilled blood to erupt in flames.


Message History

Things that are here:
a +0 dagger; a +0 hunting sling; 27 stones
Found a stone staircase leading up.
There is a stone staircase leading down here.
No target in view!
m - a scroll labelled MUODIS IBLYE A hobgoblin comes into view.
It is wielding a +0 trident.
The hobgoblin drinks a potion.
The hobgoblin seems to speed up.
A hobgoblin is nearby!
The hobgoblin throws a boomerang.
The boomerang hits you but does no damage.
A hobgoblin is nearby!
The hobgoblin closely misses you.
The hobgoblin hits you from afar with a +0 trident!
A hobgoblin is nearby!
The hobgoblin hits you with a +0 trident.
A hobgoblin is nearby!
You hit the hobgoblin but do no damage. The hobgoblin barely misses you.
The hobgoblin hits you but does no damage.
A hobgoblin is nearby!
A hobgoblin is nearby!
You hit the hobgoblin but do no damage. The hobgoblin barely misses you.
The hobgoblin hits you with a +0 trident!
A hobgoblin is nearby!
You are too injured to fight recklessly!
A hobgoblin is nearby!
You are too injured to fight recklessly!
A hobgoblin is nearby!
You are too injured to fight recklessly!
A hobgoblin is nearby!
You are too injured to fight recklessly!
A hobgoblin is nearby!
A hobgoblin is nearby!
You are too injured to fight recklessly!
You barely miss the hobgoblin.
The hobgoblin hits you with a +0 trident!
* * * LOW HITPOINT WARNING * * *
You closely miss the hobgoblin. The hobgoblin completely misses you.
The hobgoblin hits you with a +0 trident!
You die...

#....... .. #......# .. #......#
##. ###......# . .. ###....[..##
.# #.## ...........## ###. ..# ..
##......... #..
#g#.#............. ##.######@...#
..........
#.......°.##....#.##.....#
#####........°<...............
#...........#......##.........
#..)##.>..^.....#........###.#
#...##.....#.##.......... ##.#
###...##.......# .........> ....
##.(.#.........## ..... #.. ####
#..............##......##..######


You could see a hobgoblin (fast).

Vanquished Creatures
  2 adders (D:2)
  A dart slug (D:2)
  5 ball pythons
  9 endoplasms
  4 giant cockroaches
  8 goblins
  3 hobgoblins
  A quokka (D:2)
  2 bats (D:1)
  2 frilled lizards
  3 kobolds (D:1)
  2 rats
42 creatures vanquished.

Notes
Turn   | Place    | Note
-------+----------+-------------------------------------------
     0 | D:1      | BritishOli the Demonspawn Wanderer began the quest for the
                  | Orb.
     0 | D:1      | BritishOli set off with the following items: a +2 hand axe,
                  | a +0 scale mail; and the following spell memorised: Magic
                  | Dart; and the following spells available to memorise:
                  | Mephitic Cloud
     0 | D:1      | Reached XP level 1. HP: 13/13 MP: 2/2
    33 | D:1      | Gained mutation: Your demonic aura sometimes causes spilled
                  | blood to erupt in flames. [demonic ancestry]
    33 | D:1      | Reached XP level 2. HP: 8/20 MP: 3/3
   237 | D:1      | Found a blossoming altar of Fedhas.
   674 | D:1      | Reached skill level 4 in Axes
   846 | D:1      | Reached skill level 1 in Fighting
   846 | D:1      | Gained mutation: Your demonic aura often causes spilled
                  | blood to erupt in flames. [demonic ancestry]
   846 | D:1      | Reached XP level 3. HP: 25/26 MP: 4/4
  1572 | D:2      | Reached XP level 4. HP: 22/32 MP: 5/5
  1684 | D:2      | Mangled by a hobgoblin

Illustrated notes

Levels and vault maps discovered:
D:1:      mrwooster_arrival_statue_3, layout_rooms,
          amcnicky_mini_rare_corridor_liquid, minmay_hexomino_r4
D:2:      layout_rooms

Skill      XL: |  1  2 |
---------------+-------+-----
Armour         | 2 |  2.3
Axes           | 4 |  4.2
Fighting       | 1 |  1.3
Throwing       | |  1.7
Spellcasting   | |  1.0
Conjurations   | |  2.0

Action                   |  1- 3 |  4- 6 || total
-------------------------+-------+-------++-------
Melee: Hand axe          |   104 |     4 ||   108
Armor: Scale mail        |    60 |     2 ||    62
Dodge: Dodged            |    52 |     4 ||    56

Table legend: (Time is in decaauts)
 A = Elapsed time spent in this place.
 B = Non-inter-level travel time spent in this place.
 C = Inter-level travel time spent in this place.
 D = Time resting spent in this place.
 E = Time spent auto-exploring this place.
 F = Levels seen in this place.
 G = Mean time per level.
                   A        B        C        D        E       F      G
               +--------+--------+--------+--------+--------+-----+--------+
         Total |   1695 |   1664 |     31 |     67 |   1361 |   2 |  847.5 |
       Dungeon |   1695 |   1664 |     31 |     67 |   1361 |   2 |  847.5 |
               +--------+--------+--------+--------+--------+-----+--------+

Top non-repeatable levels by time:
     D:1: 1071 daAuts
     D:2: 624 daAuts
